 Dungeon Crawl Stone Soup version bcrawl-1.27.6 (webtiles) character file.

Game seed: 8114276669234203152

107483 DogServant the Gusty (level 4, -2/27 HPs)
             Began as a Fairy Air Elementalist on Oct 12, 2020.
             Killed by nerve-wracking pain
             ... invoked by Grinder
              (10 damage)
             ... on level 3 of the Dungeon.
             The game lasted 00:04:01 (1895 turns).

DogServant the Gusty (Fairy Air Elementalist)       Turns: 1895, Time: 00:04:01

Health: -2/27      AC:  7    Str:  6    XL:     4   Next: 4%
Magic:  10/10      EV: 17    Int: 20    God:
Gold:   153        SH:  4    Dex: 12    Spells: 6/9 levels left

rFire    . . .     SeeInvis .   f - +2 whip (elec)
rCold    . . .     Gourm    .   (shield restricted)
rNeg     . . .     Faith    .   (armour unavailable)
rPois    .         Spirit   .   i - +2 helmet
rElec    .         Reflect  .   (no cloak)
rCorr    .         Harm     .   (no gloves)
MR       .....                  (no boots)
Stlth    +.........             (no amulet)
HPRegen  0.09/turn              g - +2 ring of slaying
MPRegen  0.12/turn              (no ring)

@: sluggish, flying evasively, very slow
A: small, magic attunement, unstealthy, unfitting armour, able to fly, AC/SH +4
a: Stop Flying


You were on level 3 of the Dungeon.
You were hungry.

You visited 1 branch of the dungeon, and saw 3 of its levels.

You collected 153 gold pieces.

Inventory:

Hand Weapons
 f - a +2 whip of electrocution (weapon)
 l - a +0 rapier
Armour
 i - a +2 helmet (worn)
Jewellery
 g - a +2 ring of slaying (left hand)
Scrolls
 c - a scroll of remove curse
 d - a scroll of teleportation {unknown}
 h - a scroll of identify
 k - a scroll of magic mapping {unknown}
Potions
 b - a potion of flight
 j - a potion of haste {unknown}
Comestibles
 a - 3 chunks of flesh
 e - 5 rations {!d}


   Skills:
 + Level 3.7 Dodging
 - Level 1.5 Stealth
 - Level 3.1 Spellcasting
 - Level 2.2 Conjurations
 + Level 0.9 Charms
 + Level 4.3 Air Magic


You had 6 spell levels left.
You knew the following spells:

 Your Spells              Type           Power        Failure   Level  Hunger
a - Shock                 Conj/Air       ###..        3%          1    None
b - Swiftness             Chrm/Air       ##......     8%          2    None

Your spell library contained the following spells:

 Spells                   Type           Power        Failure   Level  Hunger
 Static Discharge         Air            ###.....     7%          3    None
 Airstrike                Air            ###.......   24%         4    None
 Lightning Bolt           Conj/Air       ###.......   71%         5    None


Dungeon Overview and Level Annotations

Branches:
Dungeon (3/12)

Altars:
Fedhas

Annotations:
D:3 Grinder


Innate Abilities, Weirdness & Mutations

Your spells do not cause hunger and MP costs are reduced by 1.
Your bright wings attract enemies. (Stealth-)
You cannot fit into any form of body armour.
Your shimmering scales are hard and can block incoming attacks. (AC +4, SH +4)
You are small and have problems with some larger weapons.
You can fly continuously.


Message History

Grinder gestures at you. You resist with significant effort.
You hit Grinder.
Grinder is almost dead.
You start to feel a little faster.
Grinder says, "FISH!"
Grinder gestures at you. Pain shoots through your body!
* * * LOW HITPOINT WARNING * * *
You barely miss Grinder.
Grinder is almost dead.
Grinder closely misses you.
You closely miss Grinder.
Grinder is almost dead.
Grinder blinks!
You barely miss Grinder.
Grinder is almost dead.
Grinder gestures at you. Pain shoots through your body!
You die...

#...# #...# #...#
#...# #...#
#######...#######
.................
........⌠.?......
.......5@........
######...#######
#...# .# #. #...#
...#.# #...#
#..#.# #...#
#.<#.# #...#
#..#.########...#
#.........#...#


You could see Grinder.

Vanquished Creatures
  An ooze (D:3)
  2 worms
  A dart slug (D:1)
  3 leopard geckos (D:2)
  2 ball pythons
  3 giant cockroaches
  5 goblins
  4 hobgoblins
  3 jackals (D:2)
  5 kobolds
  5 bats
  4 frilled lizards
  5 rats
43 creatures vanquished.

Notes
Turn   | Place    | Note
-------+----------+-------------------------------------------
     0 | D:1      | DogServant the Fairy Air Elementalist began the quest for
                  | the Orb.
     0 | D:1      | Reached XP level 1. HP: 11/11 MP: 6/6
   242 | D:1      | Reached XP level 2. HP: 17/17 MP: 7/7
   971 | D:2      | Reached skill level 4 in Air Magic
  1207 | D:2      | Reached XP level 3. HP: 21/21 MP: 9/9
  1211 | D:2      | Learned a level 2 spell: Swiftness
  1347 | D:2      | Found a blossoming altar of Fedhas.
  1566 | D:2      | Found a faded altar of an unknown god.
  1869 | D:3      | Reached XP level 4. HP: 27/27 MP: 10/10
  1871 | D:3      | Noticed Grinder
  1879 | D:3      | Paralysed by Grinder for 2 turns
  1884 | D:3      | Paralysed by Grinder for 4 turns
  1895 | D:3      | Killed from afar by Grinder

Skill      XL: |  1  2  3 |
---------------+----------+-----
Dodging        | 3 |  3.7
Spellcasting   | 3 |  3.1
Air Magic      | 4 |  4.3
Conjurations   | 2 |  2.2
Stealth        | |  1.5
Charms         | |  0.9

Action                   |  1- 3 |  4- 6 || total
-------------------------+-------+-------++-------
Melee: Whip              |    54 |    10 ||    64
 Cast: Shock             |    67 |     3 ||    70
       Swiftness         |       |     1 ||     1
  Use: Scroll            |     2 |       ||     2
  Eat: Chunk             |     4 |       ||     4
Armor: Skin              |    22 |     2 ||    24
Dodge: Dodged            |    58 |     2 ||    60
Block: Other             |    11 |     1 ||    12
